AoeStats
← christar123 ten

Arabian Desert

510157058Analyzed
1v1 RM · 2d ago on Sep 29, 2026· 34m 20s· 2 players
Game mode
Random Map
Map size
Tiny (2 player)
Population
200
Speed
Normal
Resources
Standard
Victory
Conquest
Starting age
Dark Age
Ending age
Imperial Age
RankedLock teamsTeams togetherTeam positionsShared explorationLock speedFull tech treeHidden civsTurbo modeCheats
Victory
Defeat
🇧🇷 Dravidians · Brazil
2263
+9
🇬🇧 Bengalis · United Kingdom
2107
-9
christar123 ten
6:45 Loom
9:08 Feudal Age
9:18 Man-at-Arms
12:20 Fletching
15:14 Double-Bit Axe
15:44 Padded Archer Armor
20:08 Horse Collar
23:00 Castle Age
21:48 Horse Collar
22:00 Gold Mining
23:02 Elite Skirmisher
23:38 Bodkin Arrow
24:41 Leather Archer Armor
26:39 Ballistics
27:36 Bow Saw
28:24 Wheelbarrow
xana
6:24 Loom
8:53 Feudal Age
9:30 Double-Bit Axe
16:35 Wheelbarrow
17:11 Horse Collar
22:27 Castle Age
21:27 Gold Mining
22:47 Fletching
22:57 Padded Archer Armor
22:29 Elite Skirmisher
23:25 Bodkin Arrow
23:30 Padded Archer Armor
24:00 Bow Saw
23:51 Heavy Plow
25:34 Ballistics
Connection lost

Rejoining the realm…

Still unreachable

The connection could not be restored.

Session expired

The server has moved on; the page needs a fresh start.